 Dungeon Crawl Stone Soup version 0.21-a0-137-g951aa02 (webtiles) character file.

63 namelastname112 the Ducker (level 3, -4/17 HPs)
             Began as a Felid Chaos Knight on July 18, 2017.
             Slain by a raiju (9 damage)
             ... on level 1 of the Abyss.
             The game lasted 00:06:17 (3615 turns).

namelastname112 the Ducker (Felid Chaos Knight)     Turns: 3615, Time: 00:06:18

Health: -4/17      AC:  1    Str:  6    XL:     3   Next: 89%
Magic:  4/4        EV: 19    Int: 13    God:    Xom [..*...]
Gold:   101        SH:  0    Dex: 16    Spells: 2/2 levels left
                                        Lives:  0   Deaths: 1

rFire    . . .     SeeInvis +     - Unarmed
rCold    . . .     Gourm    .   (shield unavailable)
rNeg     . . .     Faith    .   (armour unavailable)
rPois    .         Spirit   .   (helmet unavailable)
rElec    .         Reflect  .   (cloak unavailable)
rCorr    .         Harm     .   (gloves unavailable)
MR       .....                  (boots unavailable)
Stlth    +++.......             (no amulet)
HPRegen  0.05/turn              (no ring)
MPRegen  0.09/turn              (no ring)

@: quick
A: no armour, no weapons or thrown items, stealth, claws 1, fangs 3, see
invisible, carnivore 3, speed 1, shaggy fur 1, slow metabolism 1, weak 1, sharp
paws
a: Renounce Religion


You were on level 1 of the Abyss.
You worshipped Xom.
You were a toy of Xom.
You were very full.

You visited 1 branch of the dungeon, and saw 3 of its levels.
You visited the Abyss 1 time.

You collected 101 gold pieces.

Inventory:

Scrolls
 d - 4 scrolls of identify
 e - a scroll of teleportation {unknown}
 i - 3 scrolls of remove curse
 j - a scroll of fog {unknown}
 k - a scroll of random uselessness
 l - 2 scrolls of recharging
 n - a scroll of enchant weapon {unknown}
Potions
 b - a potion of curing {unknown}
 c - 2 potions of might
 g - 2 potions of agility
 m - a potion of resistance
Comestibles
 a - a meat ration
 f - a royal jelly


   Skills:
 + Level 3.5 Fighting
 + Level 4.3 Dodging
 + Level 2.3 Stealth
 * Level 4.2 Unarmed Combat


You had 2 spell levels left.
You didn't know any spells.

Dungeon Overview and Level Annotations

Branches:
Dungeon (3/15)

Altars:
Vehumet


Innate Abilities, Weirdness & Mutations

You cannot wear armour.
You are incapable of wielding weapons or throwing items.
Your paws allow you to move quietly. (Stealth)
You have sharp claws.
You have razor-sharp teeth.
You have supernaturally acute eyesight. (SInv)
You are carnivorous and can eat meat at any time.
You cover ground quickly.
You are covered in fur. (AC +1)
You have a slow metabolism.
Your sharp claws are effective at attacking unaware monsters.
You are weak. (Str -2)


Message History

The raiju suddenly seems more agile.
The raiju bursts into living lightning!
The living lightning misses you.
The raiju blinks! x2
Found a tubular brass ring.
Okay, then.
As you read the scroll labeled ROLIUDGH NIROO, it crumbles to dust.
It is a scroll of identify.
k - a scroll of random uselessness
As you read the scroll labeled WIPTIV SUNERASH, it crumbles to dust.
You feel blessed for a moment.
It was a scroll of remove curse.
The raiju closely misses you.
As you read the scroll labeled RYWAST HUXIXUQ, it crumbles to dust.
It is a scroll of recharging.
You aren't carrying any rechargeable items.
The raiju bites you!
* * * LOW HITPOINT WARNING * * *
The raiju shocks you!
Ouch! That really hurt!
You die...
Xom giggles madly!

. .#. ## ... #.###
#.#..
#.#h########..#.##
#.@#......ยง.#....#
#.....##.#..#..... ##
#........... ..##
.....
=.###.....#....##.#..
.. # ##......#.#..
....# .#..... .#..
.###..
#.#......#.#... ...
...##..... ##..## #.
#...#.# #.#.#.##


You could see a raiju.

Vanquished Creatures
  Jessica (D:3)
  2 adders (D:3)
  2 worms (D:2)
  3 dart slugs
  3 leopard geckos
  An orc (D:3)
  5 bats (D:2)
  6 giant cockroaches
  9 goblins
  4 hobgoblins
  7 jackals
  8 kobolds
  A ball python (D:1)
  3 frilled lizards (D:1)
  7 rats
62 creatures vanquished.

Notes
Turn   | Place    | Note
-------+----------+-------------------------------------------
     0 | D:1      | namelastname112 the Felid Chaos Knight began the quest for the Orb.
     0 | D:1      | Reached XP level 1. HP: 10/10 MP: 2/2
    92 | D:1      | XOM: silly message
   155 | D:1      | XOM: butterfly on damage
   474 | D:1      | Reached XP level 2. HP: 14/14 MP: 3/3
   482 | D:1      | XOM: divination: detect creatures
   752 | D:1      | XOM: medium Necr miscast
   758 | D:1      | XOM: butterfly on damage
  1071 | D:1      | XOM: 2-stop teleportation journey
  1163 | D:1      | XOM: harmless Air miscast
  1207 | D:1      | Reached XP level 3. HP: 11/17 MP: 4/4
  1300 | D:1      | XOM is BORED!
  1300 | D:1      | XOM: give mutation
  1300 | D:1      | Gained mutation: You are weak. (Str -2) [Xom's mischief]
  1612 | D:1      | XOM is BORED!
  1612 | D:1      | XOM: summons 1 hostile shadow creature
  1617 | D:1      | XOM: butterfly on damage
  1617 | D:1      | XOM: smoke on damage
  1942 | D:1      | XOM: mild Air miscast
  1971 | D:1      | XOM: smoke on damage
  2346 | D:2      | Reached skill level 1 in Stealth
  2517 | D:2      | XOM: harmless Ice miscast
  2995 | D:3      | Reached XP level 4. HP: 17/21 MP: 5/5
  3091 | D:3      | Noticed Jessica
  3110 | D:3      | Killed Jessica
  3126 | D:3      | XOM: silly message
  3166 | D:3      | XOM: 1-stop teleportation journey
  3234 | D:3      | XOM: harmless Chrm miscast
  3317 | D:3      | HP: 1/21 [poisoned by an adder]
  3322 | D:3      | Found a radiant altar of Vehumet.
  3322 | D:3      | Succumbed to an adder's poison
  3323 | D:3      | Reached XP level 3. HP: 0/17 MP: 4/4
  3341 | D:3      | XOM: noise
  3434 | D:3      | XOM: medium Tloc miscast
  3434 | D:3      | Cast into level 1 of the Abyss (the capriciousness of Xom)
  3435 | Abyss:1  | Found a corrupted altar of Lugonu.
  3492 | Abyss:1  | Noticed a kobold demonologist
  3514 | Abyss:1  | Noticed a ynoxinul
  3514 | Abyss:1  | XOM: harmless Tloc miscast
  3533 | Abyss:1  | Noticed a shadow
  3541 | Abyss:1  | XOM: summons friendly crimson imp
  3545 | Abyss:1  | XOM: confuse monster(s)
  3552 | Abyss:1  | Noticed a raiju
  3552 | Abyss:1  | Found a corrupted altar of Lugonu.
  3574 | Abyss:1  | Noticed a small abomination
  3574 | Abyss:1  | Found a corrupted altar of Lugonu.
  3603 | Abyss:1  | Noticed a raiju
  3610 | Abyss:1  | XOM: enchant monster (bad)
  3615 | Abyss:1  | Slain by a raiju

Vault maps used:
D:1:      saegor_arrival_under_anarchy
D:2:      kennysheep_pointless_box
D:3:      grunt_temple_overflow_order_and_chaos_2,
          nicolae_overflow_crystal_walls, first_bread, uniq_jessica

Skill      XL: |  1  2  3  4 |
---------------+-------------+-----
Stealth        | 1 2 |  2.3
Dodging        | 4 |  4.3
Unarmed Combat | 4 |  4.2
Fighting       | |  3.5

Action                   |  1- 3 |  4- 6 || total
-------------------------+-------+-------++-------
Melee: Unarmed           |   211 |    24 ||   235
       Bite              |    19 |     2 ||    21
       Punch             |     2 |     1 ||     3
  Use: Scroll            |     3 |       ||     3
       Potion            |       |     4 ||     4
 Stab: Sleeping          |     5 |     1 ||     6
       Distracted        |     1 |       ||     1
       Invisible         |       |     1 ||     1
  Eat: Chunk             |    16 |       ||    16
Armor: Skin              |    14 |     1 ||    15
Dodge: Dodged            |   181 |    18 ||   199
